 Dungeon Crawl Stone Soup version 0.29.0-11-gd7f09526c8 (webtiles) character file.

Game seed: 5571514303124681616

3092 Zeldest the Basher (level 9, -5/59 HPs)
             Began as a Gargoyle Monk on Sept 6, 2022.
             Was a Believer of Trog.
             Slain by Grum
             ... wielding a +0 spear
              (9 damage)
             ... on level 8 of the Dungeon.
             The game lasted 00:07:22 (5861 turns).

Zeldest the Basher (Gargoyle Monk)                  Turns: 5861, Time: 00:07:22

Health: -5/59      AC: 19    Str: 19    XL:     9   Next: 89%
Magic:  9/9        EV:  8    Int: 11    God:    Trog [**....]
Gold:   326        SH:  3    Dex: 12    Spells: 8/8 levels left

rFire   . . .      SeeInvis .   G - +3 mace (protect)
rCold   . . .      Faith    .   A - +0 buckler
rNeg    + . .      Spirit   .   i - +0 chain mail
rPois   ∞          Reflect  .   H - +0 helmet
rElec   +          Harm     .   (no cloak)
rCorr   .          Rampage  .   (no gloves)
Will    .....                   v - +0 pair of boots
Stlth   ..........              m - amulet of regeneration
HPRegen 0.99/turn               (no ring)
MPRegen 0.11/turn               (no ring)

@: on berserk cooldown, slowed, very slow
A: sickness immunity, AC +6, negative energy resistance 1, electricity
resistance, torment resistance 1, petrification resistance
a: Renounce Religion, Berserk, Trog's Hand


You were on level 8 of the Dungeon.
You worshipped Trog.
Trog was pleased with you.
You visited 1 branch of the dungeon, and saw 8 of its levels.

You collected 326 gold pieces.

Inventory:

Hand Weapons
 G - a +3 mace of protection (weapon)
Missiles
 n - a throwing net (quivered)
Armour
 i - a +0 chain mail (worn)
 v - a +0 pair of boots (worn)
 A - a +0 buckler (worn)
 H - a +0 helmet (worn)
Jewellery
 m - an amulet of regeneration (around neck)
Wands
 a - a wand of mindburst (11)
 x - a wand of roots (9)
 F - a wand of flame (19)
Scrolls
 b - a scroll of silence {unknown}
 d - a scroll of blinking {unknown}
 e - 8 scrolls of identify {unknown}
 g - 3 scrolls of teleportation {unknown}
 h - 3 scrolls of poison {unknown}
 j - 2 scrolls of vulnerability {unknown}
 l - 3 scrolls of enchant armour {unknown}
 p - 2 scrolls of immolation {unknown}
 q - 2 scrolls of brand weapon {unknown}
 u - 2 scrolls of enchant weapon {unknown}
 w - a scroll of acquirement {unknown}
 y - 3 scrolls of fear {unknown}
 B - 2 scrolls of magic mapping {unknown}
 C - 3 scrolls of noise {unknown}
Potions
 c - 2 potions of ambrosia
 f - a potion of flight {unknown}
 k - 2 potions of berserk rage {unknown}
 o - a potion of haste {unknown}
 r - 3 potions of attraction {unknown}
 s - a potion of might {unknown}
 t - 2 potions of cancellation {unknown}
 z - a potion of brilliance {unknown}
 D - 2 potions of curing
 E - 2 potions of degeneration {unknown}


   Skills:
 + Level 8.1 Fighting
 * Level 10.1 Maces & Flails
 + Level 7.2 Armour
 - Level 2.4 Dodging
 - Level 2.1 Stealth


You had 8 spell levels left.
You didn't know any spells.
Your spell library contained the following spells:

 Spells                   Type           Power      Damage    Failure   Level
 Apportation              Tloc           0%         N/A       99%         1
 Beastly Appendage        Tmut           0%         N/A       99%         1
 Sandblast                Erth           0%         2d4       99%         1
 Shock                    Conj/Air       0%         1d3       99%         1
 Passwall                 Tmut/Erth      0%         N/A       100%        2
 Poisonous Vapours        Pois/Air       0%         N/A       100%        2
 Wereblood                Tmut           0%         N/A       100%        2
 Dazzling Flash           Conj/Hex       0%         N/A       100%        3
 Gell's Gravitas          Tloc           0%         N/A       100%        3
 Spider Form              Tmut/Pois      0%         N/A       100%        3
 Stone Arrow              Conj/Erth      0%         3d7       100%        3
 Swiftness                Air            0%         N/A       100%        3
 Teleport Other           Tloc           0%         N/A       100%        3
 Airstrike                Air            0%         2d(0-16)  100%        4
 Corpse Rot               Necr/Pois/Air  0%         N/A       100%        4
 Iskenderun's Mystic Bla  Conj/Tloc      0%         2d3       100%        4
 Alistair's Intoxication  Tmut/Pois      0%         N/A       100%        5
 Dispersal                Tloc           0%         N/A       100%        6
 Starburst                Conj/Fire      0%         6d3       100%        6


Dungeon Overview and Level Annotations

Branches:
Dungeon (8/15) Zot: 26559  Temple (0/1) D:6
   Lair: D:8-11

Altars:
Elyvilon
Fedhas
Nemelex Xobeh
Qazlal
Sif Muna
Trog
Wu Jian

Annotations:
D:8 Grum


Innate Abilities, Weirdness & Mutations

You are immune to sickness and miasma.
Your stone body is resilient. (AC +6)
You are immune to poison.
You resist negative energy. (rN+)
You are resistant to electric shocks. (rElec)
You are resistant to unholy torment.
You are immune to petrification.


Message History

The boulder beetle is heavily wounded.
The boulder beetle bites you. The wight hits you but does no damage.
You hit the boulder beetle but do no damage.
The boulder beetle is heavily wounded.
You sock the boulder beetle!
The boulder beetle is severely wounded.
The boulder beetle bites you! The wight barely misses you.
You barely miss the boulder beetle.
The boulder beetle is severely wounded.
The boulder beetle bites you!
* * * LOW HITPOINT WARNING * * *
The wight hits you but does no damage.
You barely miss the boulder beetle.
The boulder beetle is severely wounded.
You barely miss the boulder beetle.
The boulder beetle is severely wounded.
You are no longer berserk.
You are exhausted.
You feel yourself slow down.
The boulder beetle leaps!
The wight hits you from afar with a +0 spear of flaming.
* * * LOW HITPOINT WARNING * * *
The wight burns you.
* * * LOW HITPOINT WARNING * * *
The boulder beetle curls into a ball and begins rolling!
The wight barely misses you.
Grum hits you from afar with a +0 spear!
* * * LOW HITPOINT WARNING * * *
The wight hits you but does no damage. Grum hits you but does no damage.
You see here a wolf corpse.
It was a potion of curing.
You feel better.
The wight hits you with a +0 spear of flaming.
* * * LOW HITPOINT WARNING * * *
The wight burns you.
* * * LOW HITPOINT WARNING * * *
Grum barely misses you.
You feel better. The wight hits you but does no damage.
Grum hits you from afar with a +0 spear!
* * * LOW HITPOINT WARNING * * *
Grum hits you from afar with a +0 spear!
You die...

###.#.### #.......#
##...#...########
..............)..#
##.#.##...#####...###
###. ##.#...# ...... ..#
##....# ...###
#.###.#........
.#####.#@##########.#####
......hB## ##.##...
####...gz..# #...#.##
#.##°##.# #...#.## .. #°#
# #...#.## ... .°.
#####...#... .. ...
#.#.>......... . ...
#............ .....
#.#...........


You could see a boulder beetle, Grum and a wolf.

Vanquished Creatures
  Sigmund (D:4)
  A water moccasin (D:4)
  Duvessa (D:4)
  2 black bears
  4 ice beasts
  2 sky beasts
  2 orc warriors
  A centaur (D:7)
  A wolf (D:8)
  An ogre (D:5)
  3 phantoms
  A kobold brigand (D:7)
  Blork the orc (D:6)
  5 bullfrogs
  2 necrophages (D:5)
  2 scorpions
  Dowan (D:4)
  A howler monkey (D:5)
  A jelly (D:4)
  An orc priest (D:8)
  A hound (D:5)
  Jessica (D:3)
  5 iguanas
  2 orc wizards
  Robin (D:2)
  6 gnolls
  7 adders
  3 shadow imps
  An ufetubus (D:7)
  2 worms (D:4)
  2 dart slugs (D:3)
  14 orcs
  7 endoplasms
  2 giant cockroaches
  10 goblins
  13 hobgoblins
  9 jackals
  3 quokkas
  3 ball pythons
  A bat (D:2)
  4 frilled lizards
  6 kobolds
  3 rats
140 creatures vanquished.

Notes
Turn   | Place    | Note
-------+----------+-------------------------------------------
     0 | D:1      | Zeldest the Gargoyle Monk began the quest for the Orb.
     0 | D:1      | Reached XP level 1. HP: 14/14 MP: 1/1
   156 | D:1      | Found a faded altar of an unknown god.
   339 | D:1      | Reached XP level 2. HP: 14/19 MP: 2/2
   768 | D:1      | Reached skill level 1 in Armour
  1044 | D:2      | Noticed Robin
  1055 | D:2      | Reached XP level 3. HP: 21/23 MP: 3/3
  1085 | D:2      | Killed Robin
  1526 | D:2      | Reached skill level 4 in Maces & Flails
  1526 | D:2      | Reached XP level 4. HP: 29/29 MP: 4/4
  1799 | D:3      | Noticed Jessica
  1806 | D:3      | Killed Jessica
  1942 | D:3      | Found a blossoming altar of Fedhas.
  1943 | D:3      | Found a sparkling altar of Nemelex Xobeh.
  1945 | D:3      | Found a shimmering blue altar of Sif Muna.
  1945 | D:3      | Found a white marble altar of Elyvilon.
  2061 | D:3      | Reached XP level 5. HP: 33/33 MP: 5/5
  2297 | D:3      | Found a bloodstained altar of Trog.
  2452 | D:3      | Became a worshipper of Trog the Wrathful
  2452 | D:3      | Reached * piety under Trog
  2452 | D:3      | Reached ** piety under Trog
  2704 | D:4      | Noticed Sigmund
  2724 | D:4      | Reached skill level 5 in Maces & Flails
  2733 | D:4      | Killed Sigmund
  2734 | D:4      | Reached XP level 6. HP: 40/40 MP: 6/6
  2872 | D:4      | Reached skill level 5 in Fighting
  2872 | D:4      | Reached skill level 6 in Maces & Flails
  2872 | D:4      | Reached XP level 7. HP: 38/44 MP: 7/7
  3272 | D:5      | Entered Level 5 of the Dungeon
  3286 | D:5      | Noticed Duvessa
  3287 | D:5      | Noticed Dowan
  3314 | D:4      | Killed Duvessa
  3315 | D:4      | Reached XP level 8. HP: 47/51 MP: 8/8
  3333 | D:4      | Killed Dowan
  3334 | D:4      | Reached skill level 7 in Maces & Flails
  3465 | D:5      | Reached skill level 5 in Armour
  3864 | D:5      | Reached skill level 8 in Maces & Flails
  4017 | D:5      | Reached XP level 9. HP: 56/56 MP: 9/9
  4207 | D:5      | Found a stormy altar of Qazlal.
  4233 | D:6      | Found an ornate altar of the Wu Jian Council.
  4293 | D:6      | Found a staircase to the Ecumenical Temple.
  4537 | D:6      | Noticed Blork the orc
  4548 | D:6      | Killed Blork the orc
  5008 | D:7      | Reached skill level 9 in Maces & Flails
  5608 | D:8      | Reached skill level 10 in Maces & Flails
  5814 | D:8      | Noticed a boulder beetle
  5815 | D:8      | Noticed Grum
  5859 | D:8      | HP: 1/59 [Grum/+0 spear (7)]
  5861 | D:8      | Slain by Grum

Illustrated notes

Levels and vault maps discovered:
D:1:      dpeg_arrival_round_b, layout_basic, ebering_ecumenical_altar_ruins
D:2:      layout_loops_ring, serial_co_window_serial, co_window_corner_a,
          co_window_corner_a, co_window_paths_b, co_window_paths_a,
          co_window_paths_a, co_window_cross_3, co_window_unsneaky_path_e,
          co_window_corner_cb, uniq_robin
D:3:      layout_loops_corners, mainiacjoe_overflow_tiny_flanked,
          mainiacjoe_overflow_alcove_3, nicolae_underground_beach, uniq_jessica
D:4:      layout_gridville, chequers_serial_rivers_micro_a,
          kennysheep_generic_room_16, uniq_sigmund
D:5:      layout_gridville, general_overflow_altar, uniq_duvessa
D:6:      layout_rooms, nicolae_wu_jian_wuxing_cycle,
          minmay_temple_entry_large_hall, chequers_serial_rivers_small_3,
          lightli_corner_chamber, uniq_blork_the_orc
D:7:      layout_rooms
D:8:      layout_loops_cross, uniq_grum

Skill      XL: |  1  2  3  4  5  6  7  8  9 |
---------------+----------------------------+-----
Armour         | 1 2 3 4 5 7 |  7.2
Maces & Flails | 4 5 6 8 10 | 10.1
Fighting       | 4 5 6 8 |  8.1
Dodging        | |  2.4
Stealth        | |  2.1

Action                   |  1- 3 |  4- 6 |  7- 9 || total
-------------------------+-------+-------+-------++-------
Melee: Mace              |   123 |   137 |   466 ||   726
       Punch             |     1 |       |     2 ||     3
Invok: Berserk           |       |     1 |     7 ||     8
       Trog's Hand       |       |     1 |     1 ||     2
Evoke: Wand              |       |       |     3 ||     3
  Use: Potion            |       |       |     2 ||     2
 Stab: Sleeping          |     1 |       |       ||     1
Armor: Robe              |     2 |       |       ||     2
       Chain mail        |    90 |    90 |   447 ||   627
Dodge: Dodged            |    50 |    41 |   166 ||   257
Block: Buckler           |       |       |    58 ||    58
